 Dungeon Crawl Stone Soup version 0.29.1-2-gbd0b4ee654 (webtiles) character file.

Game seed: 5021964791124551193

45 Icepheonix32 the Trooper (level 3, -5/34 HPs)
             Began as a Minotaur Fighter on Oct 26, 2022.
             Slain by a gnoll
             ... wielding a +0 halberd
              (7 damage)
             ... on level 2 of the Dungeon on Oct 27, 2022.
             The game lasted 00:01:13 (896 turns).

Icepheonix32 the Trooper (Minotaur Fighter)          Turns: 896, Time: 00:01:14

Health: -5/34      AC:  7    Str: 20    XL:     3   Next: 42%
Magic:  2/2        EV: 11    Int:  5    God:
Gold:   30         SH:  4    Dex: 11    Spells: 2/2 levels left

rFire   . . .      SeeInvis .   a - +0 war axe
rCold   + . .      Faith    .   c - +0 buckler
rNeg    . . .      Spirit   .   g - +1 leather armour {rC+}
rPois   .          Reflect  .   (helmet restricted)
rElec   .          Harm     .   (no cloak)
rCorr   .          Rampage  .   (no gloves)
Will    .....                   i - +2 pair of boots
Stlth   +.........              (no amulet)
HPRegen 0.11/turn               (no ring)
MPRegen 0.08/turn               (no ring)

@: mighty, brilliant, lethally poisoned (-5 -> -6)
A: horns 2, retaliatory headbutt
a: no special abilities


You were on level 2 of the Dungeon.
You visited 1 branch of the dungeon, and saw 2 of its levels.

You collected 30 gold pieces.

Inventory:

Hand Weapons
 a - a +0 war axe (weapon)
Armour
 b - a +0 scale mail
 c - a +0 buckler (worn)
 g - a +1 leather armour of cold resistance (worn)
 i - a +2 pair of boots (worn)
Scrolls
 h - a scroll of immolation {unknown}
 k - 2 scrolls of identify {unknown}
 l - a scroll of blinking {unknown}
 m - a scroll of teleportation {unknown}
 n - a scroll of noise {unknown}
 o - a scroll of fear {unknown}


   Skills:
 * Level 4.3 Fighting
 + Level 3.0 Axes
 + Level 3.9 Armour
 + Level 0.8 Dodging
 + Level 0.1 Stealth
 + Level 4.0 Shields


You had 2 spell levels left.
You didn't know any spells.
Your spell library contained the following spells:

 Spells                   Type           Power      Damage    Failure   Level
 Ignite Poison            Fire/Tmut/Pois 0%         N/A       94%         3
 Mephitic Cloud           Conj/Pois/Air  0%         N/A       94%         3
 Freezing Cloud           Conj/Ice/Air   0%         6-21      100%        5


Dungeon Overview and Level Annotations

Branches:
Dungeon (2/15)

Altars:


Innate Abilities, Weirdness & Mutations

You have a pair of horns on your head.
You reflexively headbutt those who attack you in melee.


Message History

* * * LOW HITPOINT WARNING * * *
You feel very sick.
It was a potion of brilliance.
You feel clever all of a sudden.
* * * LOW HITPOINT WARNING * * *
You feel very sick.
The gnoll hits you with a +0 whip of venom.
* * * LOW HITPOINT WARNING * * *
You are more poisoned.
It was a potion of heal wounds.
You feel much better.
You feel very sick. The gnoll hits you but does no damage.
You are more poisoned.
The kobold hits you but does no damage.
You feel very sick.
It was a potion of curing.
You feel better. The gnoll closely misses you.
You feel very mighty all of a sudden.
The gnoll hits you with a +0 whip of venom.
You are poisoned.
You slice the gnoll!!
You kill the gnoll!
You feel very sick.
The rat twitches its whiskers.
Your Axes skill increases to level 3!
Unknown command.
You feel sick.
You slice the rat!!
You kill the rat!
You feel sick. The kobold barely misses you. You furiously retaliate!
You headbutt the kobold, but do no damage.
The gnoll hits you from afar with a +0 halberd!
* * * LOW HITPOINT WARNING * * *
You aren't carrying any potions.
Unknown command.
You slash the kobold!
You kill the kobold!
You feel sick. The gnoll barely misses you.
Unknown command.
You feel sick. The gnoll hits you with a +0 halberd!
You die...

.# #.) . ##.##..##
#. ......... .##
#...... .
...#.r.B.
##.##.#g.g# ### #
......?..# ..# .#
#..?#####.##.#
#....#Bg@..#.#.##
....#.#####†#....#
..> #.........####
. ####........<#
#......#..#
#.........#
.....#.....#
.........##.#
.......#.####


You could see a gnoll and a giant cockroach.

Vanquished Creatures
  A gnoll (D:2)
  A worm (D:2)
  A dart slug (D:1)
  2 ball pythons (D:1)
  4 endoplasms (D:1)
  2 goblins (D:1)
  2 hobgoblins (D:1)
  2 quokkas (D:1)
  5 bats
  A frilled lizard (D:1)
  3 kobolds
  5 rats
29 creatures vanquished.

Vanquished Creatures (others)
  A fungus (D:1)
1 creature vanquished.

Grand Total: 30 creatures vanquished

Notes
Turn   | Place    | Note
-------+----------+-------------------------------------------
     0 | D:1      | Icepheonix32 the Minotaur Fighter began the quest for the
                  | Orb.
     0 | D:1      | Reached XP level 1. HP: 19/19 MP: 0/0
   222 | D:1      | Reached XP level 2. HP: 24/27 MP: 1/1
   577 | D:1      | Found a faded altar of an unknown god.
   694 | D:1      | Reached XP level 3. HP: 31/33 MP: 2/2
   887 | D:2      | HP: 1/33 [gnoll/+0 whip of venom (3)]
   896 | D:2      | Slain by a gnoll

Illustrated notes

Levels and vault maps discovered:
D:1:      erik_arrival_blinker_ship, layout_basic,
          shapermc_ecumenical_altar_acropolis
D:2:      minmay_angry_zag, layout_basic, uniq_sigmund, uniq_natasha

Skill      XL: |  1  2  3 |
---------------+----------+-----
Fighting       | 4 |  4.3
Shields        | 4 |  4.0
Axes           | 3 |  3.0
Armour         | |  3.9
Dodging        | |  0.8
Stealth        | |  0.1

Action                   || total
-------------------------++-------
Melee: War axe           ||    68
       Headbutt          ||     7
  Use: Potion            ||     4
Armor: Leather armour    ||    27
Dodge: Dodged            ||    42
Block: Buckler           ||    12
